 Dungeon Crawl Stone Soup version 0.31-a0-833-gc15d34cb79 (webtiles) character file.

Game seed: 8984979900421993583

21662 avis the Spry (level 12, -3/68 HPs)
             Began as a Felid Shapeshifter on Sept 25, 2023.
             Was an Initiate of Gozag.
             Slain by a five-headed hydra (6 damage)
             ... on level 1 of the Lair of Beasts on Sept 26, 2023.
             The game lasted 01:27:37 (15723 turns).

avis the Spry (Felid Shapeshifter)                 Turns: 15723, Time: 01:27:37

Health: -3/68      AC: 10    Str: 23    XL:     12   Next: 56%
Magic:  13/13      EV: 19    Int: 13    God:    Gozag
Gold:   1347       SH:  0    Dex: 17    Spells: 11/11 levels left
                                        Lives:  0   Deaths: 4

rFire   . .          .
                       - Unarmed
rCold   . . .        (shield unavailable)
rNeg    . . .        (body armour unavailable)
rPois   +            (helmet unavailable)
rElec   .            (cloak unavailable)
rCorr   .            (gloves unavailable)
SInv    +            (boots unavailable)
Will    ++...        e - amulet of magic regeneration
Stlth   +++          J - +6 ring of strength
HPRegen 0.31/turn    x - ring of poison resistance
MPRegen 0.53/turn

%: no passive effects
@: about to teleport, snake-form, hasted, very quick
A: constrict, boosted hp, large, (claws 1), (fangs 3), see invisible, (speed 1),
(shaggy fur 3), (stealthy paws), no weapons or thrown items, no armour,
multi-lived, strong-willed 1
a: Begin Untransformation, Renounce Religion, Potion Petition, Call Merchant,
Bribe Branch


You were on level 1 of the Lair of Beasts.
You worshipped Gozag.
Gozag was most pleased with you.
You were an enormous anaconda.
You visited 3 branches of the dungeon, and saw 14 of its levels.

You collected 2291 gold pieces.
You paid 944 gold pieces to Gozag.

Inventory:

Jewellery
 e - an amulet of magic regeneration (around neck)
 w - a +4 ring of protection
 x - a ring of poison resistance (right hand)
 z - an amulet of magic regeneration
 J - a +6 ring of strength (left hand)
Talismans
 f - a flux talisman
 s - a serpent talisman (active)
Wands
 u - a wand of flame (23)
 B - a wand of polymorph (24)
 D - a wand of digging (12)
Scrolls
 c - a scroll of revelation {unknown}
 d - 2 scrolls of amnesia {unknown}
 h - a scroll of fog {unknown}
 i - a scroll of brand weapon {unknown}
 k - 3 scrolls of enchant weapon {unknown}
 l - 2 scrolls of teleportation
 q - 4 scrolls of noise {unknown}
 r - a scroll of fear {unknown}
 y - 2 scrolls of poison {unknown}
 A - 2 scrolls of silence {unknown}
 G - 2 scrolls of immolation {unknown}
 H - 2 scrolls of enchant armour {unknown}
 K - a scroll of vulnerability {unknown}
Potions
 a - 3 potions of invisibility {unknown}
 g - a potion of mutation
 j - 3 potions of might
 n - a potion of magic
 o - a potion of haste
 t - a potion of brilliance
 v - a potion of resistance {unknown}
 C - 2 potions of berserk rage {unknown}
 F - a potion of attraction {unknown}


   Skills:
 - Level 9.0 Fighting
 - Level 16.0 Dodging
 - Level 4.0 Stealth
 * Level 9.7 Unarmed Combat
 - Level 12.0 Shapeshifting


You had 11 spell levels left.
You didn't know any spells.
Your spell library contained the following spells:

 Spells                   Type           Power      Damage    Failure   Level
 Slow                     Hex            0%         N/A       30%         1
 Cigotuvi's Dreadful Rot  Necr/Pois/Air  0%         N/A       43%         2
 Static Discharge         Conj/Air       0%         2-2/arc   43%         2
 Confusing Touch          Hex            0%         N/A       67%         3
 Sigil of Binding         Hex            0%         N/A       67%         3
 Tukima's Dance           Hex            0%         N/A       67%         3
 Vampiric Draining        Necr           0%         2d6       67%         3
 Airstrike                Air            0%         2d(0-16)  97%         4
 Dispel Undead            Necr           0%         3d6       97%         4
 Iskenderun's Mystic Bla  Conj/Tloc      0%         2d3       97%         4
 Summon Lightning Spire   Summ/Air       0%         N/A       97%         4
 Borgnjor's Vile Clutch   Necr/Erth      0%         N/A       100%        5
 Death Channel            Necr           0%         N/A       100%        6
 Haunt                    Necr/Summ      0%         N/A       100%        7
 Infestation              Necr           0%         N/A       100%        8
 Animate Dead             Necr           Unusable   N/A       N/A         4
 Dimensional Bullseye     Hex/Tloc       Unusable   N/A       N/A         4

Dungeon Overview and Level Annotations

Branches:
Dungeon (11/15)            Temple (1/1) D:5            Lair (2/5) D:11
    Orc (0/2) D:9
  Swamp: Lair:2-3    Shoals: Lair:2-3     Snake: Lair:2-3    Spider: Lair:2-3

Altars:
Ashenzari
Cheibriados
Dithmenos
Elyvilon
Fedhas
Gozag
Hepliaklqana
Kikubaaqudgha
Makhleb
Nemelex Xobeh
Okawaru
Qazlal
Ru
Sif Muna
Trog
Uskayaw
Vehumet
Wu Jian
Xom
Yredelemnul
Zin
The Shining One

Shops:
Lair:1 :

Portals:
Trove: D:11 (give 8 potions of haste)

Annotations:
D:4 1 runed translucent door, exclusion: door, Crazy Yiuf
D:7 3 runed translucent doors, ranchalot's ghost, novice OpSh
D:8 exclusion: statue
D:9 3 runed translucent doors, javelincjr's ghost, journeyman DsSh


Innate Abilities, Weirdness & Mutations

You are an enormous anaconda.
You have a powerful constriction melee attack.
Your maximum health is increased.
((You have sharp claws.))
((You have razor-sharp teeth.))
You have supernaturally acute eyesight. (SInv)
((You cover ground quickly. (Speed+)))
((Your thick and shaggy fur keeps you warm. (AC +3, rC+)))
((Your paws help you pounce on unaware monsters.))
You are incapable of wielding weapons or throwing items.
You cannot wear armour.
You gain extra lives every three experience levels.
You are strong-willed. (Will+)


Message History

Press: ? - help, Shift-Dir - straight line, f/p - five-headed hydra
Aim: a five-headed hydra (lightly wounded, chance to affect: 17%)
The five-headed hydra resists with almost no effort.
Aiming: Paralyse
Press: ? - help, Shift-Dir - straight line, f/p - five-headed hydra
Aim: a five-headed hydra (lightly wounded, chance to affect: 17%)
The five-headed hydra resists with almost no effort.
The now-empty wand crumbles to dust.
The five-headed hydra barely misses you. x2
The five-headed hydra completely misses you. x2
The five-headed hydra closely misses you.
Okay, then.
You hit the five-headed hydra.
The five-headed hydra is moderately wounded.
The five-headed hydra bites you. The five-headed hydra misses you.
The five-headed hydra bites you. x2
* * * LOW HITPOINT WARNING * * *
The five-headed hydra closely misses you.
You lash the five-headed hydra!
The five-headed hydra is moderately wounded.
You lash the five-headed hydra!
The five-headed hydra is heavily wounded.
The five-headed hydra barely misses you.
The five-headed hydra bites you.
* * * LOW HITPOINT WARNING * * *
The five-headed hydra bites you but does no damage.
The five-headed hydra bites you.
* * * LOW HITPOINT WARNING * * *
The five-headed hydra bites you.
* * * LOW HITPOINT WARNING * * *
Okay, then.
As you read the scroll of teleportation, it crumbles to dust.
You feel strangely unstable.
The five-headed hydra attacks as it pursues you!
The five-headed hydra misses you. The five-headed hydra bites you.
* * * LOW HITPOINT WARNING * * *
The five-headed hydra bites you but does no damage.
The five-headed hydra bites you.
You die...
Your body crumbles into a pile of gold.

#........#....#.# #.#
##.............## ###..
##..............# #.#.#
#..............## ##..#
#####........#...## ##..#
#.#..........##..# #...#
................## ###### ####..#
................####.##.###.##..#
........#.......S...)............
.......###.......D...........~...
.....### ##.......>..............
....#.# #................~~....
...#.## #..................~...
..#### ##...............~~....
..# #...###.######......... P##
#...# ### ####~.#... ## ##...#
#.##...


You could see a five-headed hydra.

Vanquished Creatures
  Gastronok (D:11)
  A hydra (Lair:2)
  A two-headed ogre (D:11)
  2 centaur warriors
  A skyshark (Lair:1)
  An ugly thing (D:11)
  3 cyclopes
  11 elephants
  Jeremiah (Lair:1)
  2 unseen horrors
  A rime drake (Lair:1)
  5 cane toads
  2 komodo dragons (Lair:1)
  A troll (D:10)
  A hornet (D:8)
  8 blink frogs (Lair:1)
  15 yaks
  A wraith (D:11)
  A wyvern (D:9)
  2 basilisks
  Grum (D:11)
  A water moccasin (D:6)
  An ice beast (D:7)
  A sky beast (D:6)
  4 black bears
  2 ogres (D:5)
  5 wolves
  2 centaurs
  4 phantoms
  3 kobold brigands
  3 gnoll sergeants
  6 bullfrogs
  2 scorpions
  14 wights
  A troll zombie (D:9)
  3 killer bees (D:8)
  7 howler monkeys
  4 hounds
  3 gnoll boudas
  3 orc priests
  3 iguanas
  12 orc wizards
  A sleepcap (D:5)
  7 ogre zombies (D:9)
  28 gnolls
  3 adders
  3 shadow imps (D:6)
  2 ufetubi
  A worm (D:4)
  A dart slug (D:1)
  21 orcs
  3 ball pythons
  5 endoplasms
  4 giant cockroaches
  8 goblins
  10 hobgoblins
  5 jackals
  A quokka (D:3)
  4 bats (D:1)
  5 frilled lizards
  2 goblin skeletons (D:9)
  4 goblin zombies (D:9)
  A hobgoblin skeleton (D:9)
  A hobgoblin zombie (D:9)
  17 kobolds
  An orc skeleton (D:9)
  16 orc zombies (D:9)
  A rat (D:2)
301 creatures vanquished.

Notes
Turn   | Place    | Note
-------+----------+-------------------------------------------
     0 | D:1      | avis the Felid Shapeshifter began the quest for the Orb.
     0 | D:1      | Reached XP level 1. HP: 9/9 MP: 2/2
    79 | D:1      | Reached XP level 2. HP: 13/13 MP: 3/3
   106 | D:1      | Reached skill level 3 in Dodging
   680 | D:1      | Reached skill level 4 in Dodging
   680 | D:1      | Reached XP level 3. HP: 16/16 MP: 4/4
  1378 | D:2      | You fall into a shaft and drop 2 floors!
  1389 | D:4      | Reached skill level 5 in Dodging
  1418 | D:4      | Noticed a scorpion
  1515 | D:3      | Found a white marble altar of Elyvilon.
  1923 | D:3      | Noticed a fire elemental
  1925 | D:3      | Found a stormy altar of Qazlal.
  1927 | D:3      | Noticed an earth elemental
  1927 | D:3      | Noticed a water elemental
  1927 | D:3      | Noticed an air elemental
  1933 | D:3      | Reached XP level 4. HP: 19/19 MP: 5/5
  2244 | D:3      | Noticed a black bear
  2273 | D:2      | Gained mutation: You occasionally lose the ability to drink
                  | potions when taking damage. [potion of mutation]
  2273 | D:2      | Gained mutation: Your flesh is heat resistant. (rF+)
                  | [potion of mutation]
  2274 | D:2      | Lost mutation: You occasionally lose the ability to drink
                  | potions when taking damage. [potion of mutation]
  2274 | D:2      | Lost mutation: Your flesh is heat resistant. (rF+) [potion
                  | of mutation]
  2274 | D:2      | Gained mutation: You are strong-willed. (Will+) [potion of
                  | mutation]
  2286 | D:3      | Killed a black bear
  2287 | D:3      | Reached skill level 6 in Dodging
  2287 | D:3      | Reached skill level 1 in Stealth
  2287 | D:3      | Reached XP level 5. HP: 9/24 MP: 6/6
  2535 | D:4      | Slain by a scorpion
  2663 | D:4      | Noticed a phantom
  3020 | D:4      | Gained mutation: You are covered in thick fur. (AC +2)
                  | [Felid growth]
  3020 | D:4      | Reached XP level 6. HP: 27/28 MP: 7/7
  3321 | D:4      | Found a runed translucent door.
  3322 | D:4      | Noticed Crazy Yiuf
  3477 | D:5      | Entered Level 5 of the Dungeon
  3544 | D:5      | Reached skill level 7 in Dodging
  3738 | D:5      | Found a staircase to the Ecumenical Temple.
  3744 | Temple   | Entered the Ecumenical Temple
  3890 | D:5      | Reached skill level 8 in Dodging
  3928 | D:5      | Found a shimmering blue altar of Sif Muna.
  4014 | D:5      | Reached XP level 7. HP: 32/32 MP: 8/8
  4400 | D:5      | Slain by an ogre
  4416 | D:5      | Reached skill level 9 in Dodging
  4507 | D:5      | Reached skill level 5 in Fighting
  4627 | D:6      | Reached skill level 10 in Dodging
  4722 | D:5      | Reached XP level 8. HP: 34/37 MP: 9/9
  4968 | D:6      | Reached skill level 11 in Dodging
  5077 | D:6      | Found a glowing silver altar of Zin.
  5655 | D:6      | Reached skill level 12 in Dodging
  6607 | D:6      | Reached skill level 5 in Shapeshifting
  6761 | D:7      | Found an ornate altar of the Wu Jian Council.
  6765 | D:7      | Reached XP level 9. HP: 41/41 MP: 10/10
  6857 | D:7      | Identified the +1 robe "Leetu Feo" {Contam rF+ rC++ Str+2}
  6878 | D:7      | Found a sparkling altar of Nemelex Xobeh.
  6968 | D:7      | Found a broken altar of Ashenzari.
  6977 | D:7      | Found a runed translucent gate.
  6978 | D:7      | Found a runed translucent gate.
  7081 | D:7      | Noticed a cyclops
  7095 | D:7      | Killed a cyclops
  7131 | D:7      | Found a runed translucent gate.
  7132 | D:7      | Noticed ranchalot's ghost (novice OpSh)
  7305 | D:7      | Upgraded the game from 0.31-a0-819-gf6de2f5ab6 to
                  | 0.31-a0-833-gc15d34cb79
  8029 | D:8      | Reached skill level 5 in Unarmed Combat
  8164 | D:8      | Found a radiant altar of Vehumet.
  8230 | D:8      | Found an opulent altar of Gozag.
  8249 | D:8      | Became a worshipper of Gozag Ym Sagoz the Greedy
  8610 | D:9      | Noticed a centaur warrior
  8732 | D:8      | Killed a centaur warrior
  8733 | D:8      | Reached skill level 13 in Dodging
  8736 | D:8      | HP: 1/41 [hornet (15)]
  8743 | D:8      | Reached XP level 10. HP: 16/45 MP: 11/11
  9000 | D:8      | Reached skill level 14 in Dodging
  9217 | D:8      | Reached skill level 15 in Dodging
  9630 | D:9      | Found a runed translucent gate.
  9630 | D:9      | Found a runed translucent gate.
  9631 | D:9      | Found a runed translucent gate.
  9631 | D:9      | Noticed javelincjr's ghost (journeyman DsSh)
  9674 | D:9      | Noticed a two-headed ogre
  9675 | D:9      | Noticed a cyclops
  9773 | D:9      | Found a staircase to the Orcish Mines.
  9814 | D:9      | Found a hide-covered altar of Uskayaw.
 10247 | D:10     | Entered Level 10 of the Dungeon
 10639 | D:10     | HP: 1/47 [troll (4)]
 11022 | D:10     | Noticed a centaur warrior
 11034 | D:10     | Killed a centaur warrior
 11745 | D:11     | Noticed a cyclops
 11755 | D:11     | Killed a cyclops
 11756 | D:11     | Reached XP level 11. HP: 51/51 MP: 12/12
 11905 | D:11     | Noticed a red ugly thing
 11914 | D:11     | Killed a red ugly thing
 11942 | D:11     | Noticed Gastronok
 11960 | D:11     | Killed Gastronok
 11961 | D:11     | Reached skill level 10 in Shapeshifting
 12304 | D:11     | Noticed a two-headed ogre
 12321 | D:11     | Killed a two-headed ogre
 12330 | D:11     | Slain by a cyclops
 12417 | D:11     | Found a staircase to the Lair.
 12463 | D:11     | Noticed Grum
 12474 | D:11     | Killed Grum
 12482 | D:11     | Reached skill level 16 in Dodging
 12518 | D:11     | Found a portal to a secret trove of treasure.
 13075 | Lair:1   | Entered Level 1 of the Lair of Beasts
 13326 | Lair:1   | Noticed Jeremiah
 13623 | Lair:1   | Slain by a cane toad
 13632 | Lair:1   | Killed Jeremiah
 13635 | Lair:1   | You fall into a shaft and drop 1 floor!
 13638 | Lair:2   | Noticed a five-headed hydra
 13851 | Lair:1   | Gained mutation: Your thick and shaggy fur keeps you warm.
                  | (AC +3, rC+) [Felid growth]
 13851 | Lair:1   | Reached XP level 12. HP: 57/57 MP: 13/13
 15430 | Lair:2   | Noticed a four-headed hydra
 15439 | Lair:2   | Killed a four-headed hydra
 15723 | Lair:1   | HP: 3/68 [five-headed hydra (3)]
 15723 | Lair:1   | Slain by a five-headed hydra

Illustrated notes

Levels and vault maps discovered:
D:1:      lightli_arrival_noodles, layout_basic
D:2:      layout_loops_ring, minmay_pentomino_u2
D:3:      layout_rooms, elyvilon_altar_5, nicolae_qazlal_style_of_elements,
          dreamdust_wishing_well, grunt_ministairs_11,
          kennysheep_decorative_pillar, chequers_serial_rivers_small_a,
          nicolae_the_louvre
D:4:      cheibrodos_old_hovel, layout_rooms, minmay_distorted,
          uniq_crazy_yiuf_cottage
D:5:      layout_loops_ring, lemuel_round_altar,
          minmay_temple_entry_enclosed_plants, hangedman_abyss_or_decor_slice
D:6:      layout_cave_pools, amcnicky_altar_gilded
D:7:      layout_basic, ashenzari_conservatory_becter,
          pdpol_wu_jian_five_deadly_venoms, nemelex_spade_bored_becter,
          ebering_ghost_rock_garden
D:8:      layout_loops_ring, vehumet_statue, nicolae_gozag_seed_capital
D:9:      layout_gridville, mainiacjoe_overflow_six_doors_small,
          zombieorc2_lemuel, gammafunk_ghost_split
D:10:     layout_rooms, chequers_serial_rivers_micro_c, minmay_misc_feat_five
D:11:     layout_loops_corners, lair_entry_dummy, enter_trove_3, chequers_jeans,
          uniq_grum, uniq_gastronok
Temple:   nicolae_temple_hex_pool
Lair:1:   layout_hall_layers, chequers_serial_rivers_micro_c,
          small_statue_intersection, uniq_jeremiah
Lair:2:   layout_gridlike, minmay_shoals_entry_centaurs, minivault_27

Skill      XL: |  1  2  3  4  5  6  7  8  9 10 11 12 |
---------------+-------------------------------------+-----
Fighting       | 2 3 4 5 6 8 9 |  9.0
Dodging        | 4 5 6 8 10 12 13 15 16 | 16.0
Stealth        | 1 2 4 |  4.0
Shapeshifting  | 5 7 9 10 12 | 12.0
Unarmed Combat | 6 9 |  9.7

Action                     |  1- 3 |  4- 6 |  7- 9 | 10-12 || total
---------------------------+-------+-------+-------+-------++-------
  Melee: Unarmed           |   105 |   116 |   468 |   610 ||  1299
         Bite              |    15 |    18 |    62 |    35 ||   130
         Punch             |     2 |     4 |    18 |    11 ||    35
         Constrict         |       |       |       |    47 ||    47
 Invoke: Potion Petition   |       |       |     1 |       ||     1
         Call Merchant     |       |       |       |     1 ||     1
  Evoke: Wand              |       |       |    12 |    36 ||    48
    Use: Potion            |       |     4 |     1 |     8 ||    13
         Scroll            |       |     3 |     1 |     5 ||     9
   Stab: Sleeping          |     1 |     4 |       |     2 ||     7
         Distracted        |       |     1 |       |     4 ||     5
         Paralysed         |       |       |       |     8 ||     8
 Armour: Skin              |    17 |    38 |   139 |   299 ||   493
  Dodge: Dodged            |    62 |    88 |   427 |   599 ||  1176
   Form: Flux              |       |       |       |     2 ||     2
         Anaconda          |       |       |       |     2 ||     2

Table legend: (Time is in decaauts)
 A = Elapsed time spent in this place.
 B = Non-inter-level travel time spent in this place.
 C = Inter-level travel time spent in this place.
 D = Time resting spent in this place.
 E = Time spent auto-exploring this place.
 F = Levels seen in this place.
 G = Mean time per level.
                   A        B        C        D        E       F      G
               +--------+--------+--------+--------+--------+-----+--------+
         Total |  14177 |  13170 |   1007 |   3860 |   5091 |  14 | 1012.6 |
       Dungeon |  11580 |  10755 |    825 |   2884 |   4335 |  11 | 1052.7 |
        Temple |      5 |      5 |      0 |      0 |      0 |   1 |    5.0 |
          Lair |   2591 |   2409 |    182 |    976 |    756 |   2 | 1295.5 |
               +--------+--------+--------+--------+--------+-----+--------+

Top non-repeatable levels by time:
  Lair:1: 2416 daAuts
     D:8: 1849 daAuts
     D:6: 1608 daAuts
    D:11: 1358 daAuts
     D:9: 1194 daAuts
     D:5: 1002 daAuts
     D:4: 872 daAuts
     D:7: 800 daAuts
    D:10: 794 daAuts
     D:1: 764 daAuts
     D:3: 714 daAuts
     D:2: 619 daAuts
  Lair:2: 175 daAuts
  Temple: 5 daAuts
